Unix NetHack Version 3.7.0-102 Work-in-progress - last build Apr 6 2024 13:22:21 (d302a6a9ff6341f1a922d8f5af178406b35fdf99,branch:master). Game began 2024-04-19 17:05:14, ended 2024-04-24 18:12:28. spontiff, neutral male gnomish Healer }}}}}}}}}}}}}}}}}}}}}}}}}}}}}}}}}}}}}}}}}}}}}}}}}}}}}}}}}}}}}}}}}}}}}}}}}}}} }}}.............}}}}}}}}}.}.}}.}}}}}}}}}}}}.}}}}}...}}}}}}}}}}}}}}....}}}}}} }}..............r}}}}}................................}}}}...}}.}........}}} }.}......r......}}}}....................................}}..}}}...........}} }.}}}}}}}}}}}}}}}........................................}}}}}}............} }}}}}}}}}}}}}}}}..........-----------------------..........}}}}}..........}} }}}..}}}}}...}}}}.......--|.-..........-......|.|--......}}}}}.}}....}}}.}}} }}..^..}}}.....}}}......|.||-----------|......|.-.|......}}}.}}}}}}}}}}}..}} }}....}}}}}...}}}}......|.|%|......|...|%.....|.|.|.......}}}}.}}}}}}.....}} }...^......}}}}}}};@....r.|.|......-.(.-......|.|.-......}}}}}}.}.}}.......} }}..^........}.}}}.^....|.|.|..._..|.>.|......|.|.|.....}}}}}}...}}.......}} }}}...........}.}.}...*.|.-.|......|-----------||.|.......}}}}}.}}}.......}} }}.............'}}}}....--|.|......-..........-.|--.....}}}}.}}.}}}}.......} }}}}........}}}}}.........-----------------------........}}...}}}}}}}.....}} }}.}.....}}}}}}}}}.}...................................}}..}.}}}}}}}}}}}}}}} }.....}}}}..}}}}}}}}}.................................}}.}}}}}.}}}}}.}}}}}}} }}............}}}.}}}}...............................}}...}}}}......}.}}}}}} }}}..........}}}....}}}}}.........................}}}....}}}}........}}}}}}} }}}}........}}}......}}}}}}.}}}}}.}}}}}}}}}}}}}.}}}}}.}..}}}}}......}}}.}..} }}}}}}}}}}}}}}}}}}}}}}}}}}}}}}}}}}}}}}}}}}}}}}}}}}}}}}}}}}}}}}}}}}}}}}}}}}}} Spontiff the Empiric St:18/02 Dx:10 Co:18 In:12 Wi:18 Ch:18 Neutral S:1909 Home 1 $:0 HP:0(93) Pw:11(26) AC:-18 Xp:3/40 T:37028 Hungry Burdened Latest messages: The white dragon breathes frost! The blast of frost hits you! But it reflects from your armor! The blast of frost hits the white dragon. What do you want to use or apply? [acfk-mostwxzDJOS or ?*] k In what direction? h Unlock it? [ynq] (q) y You succeed in unlocking the door. The door opens. What do you want to use or apply? [acfk-mostwxzDJOS or ?*] o You produce a strange whistling sound. Your stone golem shifts location. You swap places with your stone golem. ["Again you return to me, spontiff. I sense that each trip back the pleurisy and maladies of our land begin to infect you. Let us hope and pray to Hermes that you become ready for your task before you fall victim to the bad humors."] [You are too inexperienced. Return when you are a Medicus ossium.] What do you want to use or apply? [acfk-mostwxzDJOS or ?*] o You produce a strange whistling sound. You sit down. You activated a magic portal! You feel slightly dizzy. [After your last experience you expected to be here, but you certainly did not expect to see things so much worse. This time you must succeed.] What do you want to use or apply? [acfk-mostwxzDJOS or ?*] o You produce a strange whistling sound. Your stone golem appears. What do you want to use or apply? [acfk-mostwxzDJOS or ?*] c You feel a bit steadier now. Restoring save file... Hello spontiff, the gnomish Healer, welcome back to NetHack! You are lucky! Full moon tonight. KAABLAMM!!! You triggered a land mine! Your movements are slowed slightly because of your load. You fall into a pit! You are still in a pit. You are still in a pit. You are still in a pit. It misses! The giant eel brushes against your leg. The giant eel bites! The giant eel misses! You are still in a pit. You crawl to the edge of the pit. The giant eel bites! The giant eel swings itself around you! You cannot escape from the giant eel! The giant eel misses! The giant eel misses! The giant eel misses! The giant eel drowns you... Do you want your possessions identified? [ynq] (y) y Do you want to see the dungeon overview? [ynq] (y) q Inventory: Armor h - an uncursed +1 elven leather helm (being worn) g - an uncursed +2 pair of leather gloves (being worn) v - an uncursed +0 pair of water walking boots (being worn) r - an uncursed +0 small shield (being worn) q - an uncursed +0 cloak of magic resistance (being worn) d - a blessed greased +2 silver dragon scale mail (being worn) Comestibles y - an uncursed apple a - 5 uncursed cream pies (wielded) n - an uncursed food ration p - an uncursed tripe ration i - an uncursed lizard corpse Wands D - an uncursed wand of digging (0:7) O - an uncursed wand of sleep (0:0) S - an uncursed wand of sleep (0:0) Tools f - a blessed bag of holding containing 77 items m - an uncursed expensive camera (0:77) z - an uncursed leash o - an uncursed magic whistle w - an uncursed mirror x - an uncursed oil lamp k - an uncursed skeleton key s - an uncursed stethoscope J - a blessed tinning kit (0:28) t - an uncursed towel named DiPo Ty c - a blessed +0 unicorn horn Gems/Stones E - an uncursed black opal l - a blessed luckstone Contents of the bag of holding: 3221 gold pieces the uncursed rustproof +6 Magicbane an uncursed +0 pair of jumping boots an uncursed +0 cloak of magic resistance an uncursed +0 mummy wrapping an uncursed +1 robe an uncursed +0 set of black dragon scales an uncursed apple 15 uncursed cream pies 2 uncursed eucalyptus leaves 12 uncursed food rations 3 uncursed lembas wafers an uncursed sprig of wolfsbane an uncursed tripe ration 3 uncursed lizard corpses 2 uncursed lizard corpses 10 blessed scrolls of blank paper 15 uncursed scrolls of blank paper 4 cursed scrolls of blank paper an uncursed scroll of charging a blessed scroll of earth 3 uncursed scrolls of earth an uncursed scroll of enchant armor an uncursed scroll of fire a blessed scroll of gold detection 3 uncursed scrolls of gold detection 6 uncursed scrolls of magic mapping 3 blessed scrolls of remove curse a blessed scroll of scare monster an uncursed scroll of taming 3 uncursed scrolls of teleportation a cursed scroll of teleportation 2 uncursed potions of enlightenment an uncursed potion of fruit juice an uncursed potion of polymorph 2 potions of holy water 2 potions of unholy water an uncursed ring of conflict an uncursed ring of fire resistance an uncursed ring of polymorph an uncursed ring of polymorph control an uncursed ring of protection from shape changers an uncursed ring of teleport control an uncursed ring of teleportation an uncursed wand of digging (0:6) an uncursed wand of digging (0:5) an uncursed wand of digging (0:5) an uncursed wand of digging (0:1) an uncursed wand of speed monster (0:4) an uncursed wand of speed monster (0:0) an uncursed wand of striking (0:5) an uncursed wand of striking (0:4) an uncursed wand of striking (0:0) an uncursed wand of undead turning (0:6) an empty blessed sack an uncursed magic harp (0:5) an uncursed tooled horn an uncursed magic marker (1:50) an uncursed magic marker (1:41) an uncursed magic marker (0:20) an uncursed oil lamp an uncursed oil lamp an uncursed +0 pick-axe an uncursed +0 unicorn horn 2 uncursed agate stones 3 uncursed amber stones 2 uncursed amethyst stones an uncursed aquamarine stone a cursed citrine stone 2 uncursed diamonds 4 uncursed emeralds an uncursed garnet stone a cursed garnet stone an uncursed jade stone 2 uncursed rubies an uncursed turquoise stone 4 uncursed worthless pieces of yellowish brown glass Spontiff the Healer's attributes: Background: You were an Empiric, a level 3 male gnomish Healer. You were neutral, on a mission for Hermes who was opposed by Athena (lawful) and Poseidon (chaotic). You were right-handed. You were in the Quest, on level 1. You entered the dungeon 37028 turns ago. There was a full moon in effect when your adventure ended. You had 40 experience points, 40 more were needed to attain level 4. Your score was 1909 before end-of-game adjustments. Basics: You had 0 out of 93 hit points. You had 11 out of 26 energy points (spell power). Your armor class was -18. Your wallet was empty, but you had 3221 zorkmids stashed away in your pack. Autopickup was on for '$!/="?' plus thrown, with exceptions. Final Characteristics: Your strength was 18/02 (limit:18/50). Your dexterity was 10 (base:11, limit:18). Your constitution was 18 (limit:18). Your intelligence was 12 (limit:19). Your wisdom was 18 (limit:18). Your charisma was 18 (limit:18). Final Status: You were held by a giant eel (west). You had wounded legs. You were hungry. You were burdened; movement was slightly slowed. You were wielding some food. Final Attributes: You were piously aligned. You were magic-protected. You were disintegration resistant. You were poison resistant. You saw invisible. You were telepathic. You had infravision. You could walk on water. You had a moderate defense bonus (+9). You were warded. You had reflection. You were lucky. You had extra luck. Good luck did not time out for you. You are dead (2nd time!). Miscellaneous: You encountered 4 bones levels. Total elapsed playing time was 10 hours, 52 minutes and 11 seconds. Major events: Turn 1: spontiff the neutral male gnomish Healer entered the dungeon 1720: entered the Gnomish Mines 2792: reached Mine Town 2916: averted death (killed by a monkey) 9784: the Oracle has been killed 12132: entered Sokoban 12580: completed 1st Sokoban level 13553: completed 2nd Sokoban level 14155: completed 3rd Sokoban level 15849: completed 4th Sokoban level 17374: stole 1 zorkmid worth of merchandise from Cazelon's antique weapons outlet 17468: Cazelon, the antique weapons outlet proprietrix, has been killed 22089: found Magicbane on the floor 22403: Djombang, the delicatessen proprietrix, has been killed 24233: attained the rank of Empiric (level 3) 28633: acquired the Mines' End luckstone 30780: made his first wish - "holy spellbook of identify", got "an orange spellbook" 31496: acquired the Sokoban bag of holding 35427: Raciborz, the liquor emporium proprietor, has been killed 37028: drowned in a pool of water by a giant eel Vanquished creatures: 2 gold dragons 2 black dragons 2 minotaurs a skeleton 3 shopkeepers the Oracle 2 aligned clerics a watch captain 4 ghosts 2 giant mimics 2 elven monarchs a bone devil a large mimic a fire vortex 2 small mimics a warhorse a sasquatch a shark a dwarf ruler an elf mummy 4 watchmen 2 giant beetles a quivering blob a cockatrice 3 wolves a winter wolf cub a lynx 2 gremlins 12 leprechauns 5 iron piercers 4 giant spiders a horse 2 gnome rulers 2 orc mummies a dwarf mummy an ogre 2 brown puddings 2 gold golems 3 werewolves 3 Green-elves 8 lizards a chickatrice 3 dingoes 2 dogs 4 housecats 3 jaguars 8 dwarf leaders 3 blue jellies a white unicorn a black unicorn 2 dust vortices 2 ravens 2 plains centaurs a gnome mummy 9 snakes a water moccasin 7 apes a human zombie a rope golem 5 soldier ants a fire ant 7 bugbears 2 imps 3 wood nymphs 10 water nymphs 5 mountain nymphs 4 Mordor orcs 12 Uruk-hai 4 orc shamans 14 rock piercers 6 rock moles 8 ponies 7 fog clouds 8 yellow lights 4 shriekers 7 violet fungi 11 gnome leaders 3 gnomish wizards a red naga hatchling a black naga hatchling 3 gray oozes 5 elf zombies a ghoul 4 straw golems 3 paper golems 15 giant ants 8 little dogs 23 floating eyes 4 kittens 25 dwarves 4 homunculi 8 kobold leaders 3 kobold shamans 3 hill orcs 11 rothes 14 rabid rats a centipede 13 giant bats 5 Kop Sergeants 9 monkeys 6 orc zombies 11 dwarf zombies 4 wererats a werejackal 27 iguanas 12 killer bees 13 acid blobs 7 coyotes 5 gas spores 10 hobbits 9 manes 7 large kobolds 22 hobgoblins 27 giant rats 14 cave spiders 3 brown molds 3 yellow molds 3 green molds 8 red molds 18 gnomes 13 Keystone Kops 7 garter snakes 7 gnome zombies 28 geckos 30 jackals 5 foxes 11 kobolds 10 goblins 9 sewer rats 43 grid bugs 9 bats 25 lichens 9 kobold zombies 44 newts 890 creatures vanquished. No species were genocided or became extinct. Voluntary challenges: You never hit with a wielded weapon. You were a pacifist. You read items or engraved 27 times. You never engraved Elbereth. You never genocided any monsters. You never polymorphed an object. You never changed form. You used 1 wish. You did not wish for any artifacts. You violated the special Sokoban rules twice. Achievements: You entered a shop. You entered the Gnomish Mines. You entered Minetown. You entered a temple. You entered Sokoban. You attained the rank of Empiric. You completed the Gnomish Mines. You completed Sokoban. The Dungeons of Doom: levels 1 to 14 Level 1: "pools" Level 2: A weapon shop. Level 3: Level 4: Stairs down to The Gnomish Mines. Level 5: A general store. Level 6: Oracle of Delphi. Level 7: Stairs up to Sokoban, level 6. Level 8: Final resting place for xororand-Pri-Hum-Mal-Neu, killed by a lynx. Level 9: "Stash" A temple and an altar to Hermes. Final resting place for andrewi-Mon-Hum-Mal-Law, killed by an Uruk-hai. Level 10: An altar. Level 11: Level 12: A fountain. Level 13: An untended shop, an altar, a sink, a grave. Summoned by Hippocrates. Portal to The Quest. Level 14: A fountain. The Gnomish Mines: levels 5 to 12 Level 5: Level 6: A grave. Final resting place for Grouchy-Wiz-Hum-Mal-Cha, killed by a dwarf. Level 7: Level 8: Some shops, a temple and an altar, a sink. Level 9: "Polytrap" A grave. Final resting place for Ted-Wiz-Gno-Mal-Neu, killed by a minotaur. Level 10: Level 11: Level 12: "Polytraps" A fountain. The Quest: Level 1: <- You were here. An altar to Hermes, a throne. Home. Final resting place for you, drowned in a pool of water by a giant eel. Sokoban: levels 6 up to 3 Level 3: Solved. Level 4: Solved. Level 5: Solved. Level 6: Solved. Game over: ---------- / \ / REST \ / IN \ / PEACE \ / \ | spontiff | | 3221 Au | | drowned in a | | pool of water by | | a giant eel | | | | 2024 | *| * * * | * _________)/\\_//(\/(/\)/\//\/|_)_______ Goodbye spontiff the Healer... You drowned in The Quest on dungeon level 1 with 1784 points, and 3221 pieces of gold, after 37028 moves. You were level 3 with a maximum of 93 hit points when you drowned.